 Dungeon Crawl Stone Soup version 0.29.0-4-gdea44cf6ec (webtiles) character file.

Game seed: 15924923288590206902

1126 Kordrann the Trooper (level 8, -4/52 HPs)
             Began as a Gargoyle Fighter on Aug 27, 2022.
             Was a Believer of Nemelex Xobeh.
             Killed by divine providence
             ... invoked by an orc priest
              (8 damage)
             ... on level 6 of the Dungeon on Aug 28, 2022.
             The game lasted 00:20:04 (3921 turns).

Kordrann the Trooper (Gargoyle Fighter)             Turns: 3921, Time: 00:20:05

Health: -4/52      AC: 16    Str: 21    XL:     8   Next: 35%
Magic:  8/8        EV: 24    Int:  8    God:    Nemelex Xobeh [**....]
Gold:   232        SH:  4    Dex: 12    Spells: 7/7 levels left

rFire   . . .      SeeInvis .   h - +8 hand axe of Mugguh {holy, Dex+3}
rCold   . . .      Faith    .   c - +0 buckler
rNeg    + + .      Spirit   .   b - +0 scale mail
rPois   ∞          Reflect  .   (helmet restricted)
rElec   +          Harm     .   v - +0 cloak
rCorr   .          Rampage  .   (no gloves)
Will    .....                   r - +0 pair of boots
Stlth   ..........              s - amulet of the acrobat
HPRegen 0.17/turn               o - ring of positive energy
MPRegen 0.11/turn               j - ring of flight

@: marked, acrobatic, flying
A: sickness immunity, AC +5, negative energy resistance 1, electricity
resistance, torment resistance 1, petrification resistance, antennae 1, dopey 1
a: Renounce Religion, Draw Escape, Draw Destruction, Draw Summoning


You were on level 6 of the Dungeon.
You worshipped Nemelex Xobeh.
Nemelex Xobeh was pleased with you.
You visited 1 branch of the dungeon, and saw 6 of its levels.
You also visited: Sewer.

You collected 232 gold pieces.

Inventory:

Hand Weapons
 a - a +1 flail of freezing
 e - a +2 dagger of venom
 h - the +8 hand axe of Mugguh (weapon) {holy, Dex+3}
   (You found it on level 2 of the Dungeon)

   It has been blessed by the Shining One to cause great damage to the undead
   and demons.
   Dex:       It affects your dexterity (+3).
 m - a +0 war axe
 t - a +2 vampiric whip
Missiles
 i - 20 poisoned darts (quivered)
Armour
 b - a +0 scale mail (worn)
 c - a +0 buckler (worn)
 r - a +0 pair of boots (worn)
 u - a +0 helmet
 v - a +0 cloak (worn)
Jewellery
 f - an amulet of magic regeneration
 g - a ring of protection from fire
 j - a ring of flight (right hand)
 k - an amulet of faith
 o - a ring of positive energy (left hand)
 s - an amulet of the acrobat (around neck)
Scrolls
 l - 2 scrolls of identify
 p - a scroll of teleportation
Potions
 d - a potion of might
 n - a potion of haste
 q - 2 potions of berserk rage


   Skills:
 + Level 6.9 Fighting
 + Level 4.5(4.8) Axes
 - Level 2.3(4.0) Maces & Flails
 + Level 6.9 Armour
 - Level 0.1 Dodging
 - Level 3.5 Shields


You had 7 spell levels left.
You didn't know any spells.
Your spell library contained the following spells:

 Spells                   Type           Power      Damage    Failure   Level
 Wereblood                Tmut           0%         N/A       91%         2
 Gell's Gravitas          Tloc           0%         N/A       99%         3
 Lesser Beckoning         Tloc           0%         N/A       99%         3
 Teleport Other           Tloc           0%         N/A       99%         3
 Dispersal                Tloc           0%         N/A       100%        6
 Summon Hydra             Summ           0%         N/A       100%        7
 Sublimation of Blood     Necr           Unusable   N/A       N/A         2

Dungeon Overview and Level Annotations

Branches:
Dungeon (6/15)              Sewer (visited)
 Temple: D:4-7

Altars:
Nemelex Xobeh
Vehumet

Shops:
D:1 (


Innate Abilities, Weirdness & Mutations

You are immune to sickness and miasma.
Your stone body is resilient. (AC +5)
You are immune to poison.
You resist negative energy. (rN+)
You are resistant to electric shocks. (rElec)
You are resistant to unholy torment.
You are immune to petrification.
You have a pair of small antennae on your head.
You are dopey. (Int -2)


Message History

Your killer bee barely misses the orc priest.
Your killer bee stings the gnoll.
The gnoll dies!
The wight hits you with a +3 scimitar.
* * * LOW HITPOINT WARNING * * *
The orc priest hits your hell hound with a +0 short sword.
An orc comes into view. It is wielding a +0 short sword.
Something barely misses your hell hound.
The wight hits your killer bee with a +2 hand axe of flaming.
The wight burns your killer bee.
Your killer bee barely misses the orc priest.
Your hell hound bites the orc priest.
You slash the wight!
The wight convulses.
The wight is almost destroyed.
You completely miss the gnoll.
Your killer bee stings the orc priest.
Your hell hound bites the orc priest.
The wight hits you with a +3 scimitar!
* * * LOW HITPOINT WARNING * * *
The orc priest barely misses your killer bee.
The gnoll hits you but does no damage.
An orc comes into view. It is wielding a +0 hand axe.
Something hits your hell hound.
A kobold brigand comes into view.
It is wielding a +0 short sword and quivering curare-tipped darts.
The wight closely misses your killer bee.
Your killer bee stings the wight.
Your killer bee barely misses the orc priest.
Your hell hound barely misses something.
You swap places.
An orc priest and an orc come into view.
Your killer bee stings the orc priest.
Your killer bee barely misses the wight.
The wight completely misses you.
The orc priest closely misses your killer bee.
The gnoll hits your killer bee with a +0 flail!
Your killer bee dies!
Your killer bee's corpse disappears in a puff of smoke!
Something hits your hell hound but does no damage.
The orc priest mumbles some strange prayers to Beogh against you.
Beogh smites you!
You die...
Your body disappears without a glow.

... . # #.. #..#.
#.. .#.. ..##...
#..#.# #...z## .
##oyo.# ...
##@)h{o#
.....##K§z##oo...#
#..Kg### .#..#
#.))o# # #
......#K.
......#K..
......##..$ .#...
.##. ...#. .# ##


You could see a kobold brigand, 2 wights, 2 orc priests, a gnoll, 4 orcs, 3
kobolds, a friendly hell hound (summoned) and a friendly killer bee (summoned).

Vanquished Creatures
  A water moccasin (Sewer)
  A black bear (D:5)
  2 phantoms
  A necrophage (D:6)
  A gnoll bouda (D:6)
  Crazy Yiuf (D:4)
  A hound (D:5)
  An iguana (D:5)
  2 gnolls (D:6)
  6 adders
  3 worms
  A dart slug (D:1)
  5 orcs
  9 bats
  4 endoplasms
  5 giant cockroaches
  3 goblins
  9 hobgoblins
  8 jackals
  7 kobolds
  3 quokkas
  10 ball pythons
  4 frilled lizards
  6 rats
94 creatures vanquished.

Vanquished Creatures (collateral kills)
  3 necrophages (D:6)
  A scorpion (D:6)
  A wight (D:6)
  A howler monkey (D:6)
  An orc wizard (D:6)
  An adder (D:6)
  7 gnolls (D:6)
  A river rat (D:4)
  A dart slug (D:4)
  3 orcs (D:6)
  2 rats (D:4)
22 creatures vanquished.

Grand Total: 116 creatures vanquished

Notes
Turn   | Place    | Note
-------+----------+-------------------------------------------
     0 | D:1      | Kordrann the Gargoyle Fighter began the quest for the Orb.
     0 | D:1      | Reached XP level 1. HP: 14/14 MP: 1/1
   195 | D:1      | Reached XP level 2. HP: 17/19 MP: 2/2
   419 | D:1      | Reached XP level 3. HP: 14/24 MP: 3/3
   883 | D:1      | Found Horeg's Antique Weapon Shop.
  1258 | D:2      | Identified the +8 hand axe of Mugguh {holy, Dex+3}
  1732 | D:2      | Reached XP level 4. HP: 29/29 MP: 4/4
  1871 | D:2      | Found a radiant altar of Vehumet.
  2081 | D:3      | Reached skill level 1 in Axes
  2219 | D:3      | Found a faded altar of an unknown god.
  2225 | D:3      | Prayed at the altar of an unknown god.
  2225 | D:3      | Became a worshipper of Nemelex Xobeh the Trickster
  2225 | D:3      | Reached * piety under Nemelex Xobeh
  2225 | D:3      | Received a gift from Nemelex Xobeh
  2463 | D:3      | Gained mutation: You passively map a small area around you.
                  | [potion of mutation]
  2463 | D:3      | Gained mutation: Your muscles are strong. (Str +4, Int/Dex
                  | -1) [potion of mutation]
  2463 | D:3      | Gained mutation: You are partially covered in large bone
                  | plates. (SH +4) [potion of mutation]
  2682 | D:3      | Received a gift from Nemelex Xobeh
  2864 | D:4      | Reached XP level 5. HP: 31/34 MP: 5/5
  2879 | D:4      | Reached ** piety under Nemelex Xobeh
  2969 | D:4      | Found a glowing drain.
  2969 | D:4      | Received a gift from Nemelex Xobeh
  2991 | Sewer    | Entered a sewer
  3014 | Sewer    | Noticed a water moccasin
  3019 | Sewer    | Killed a water moccasin
  3020 | Sewer    | Reached skill level 5 in Fighting
  3020 | Sewer    | Reached XP level 6. HP: 40/40 MP: 6/6
  3344 | D:4      | Lost mutation: You are partially covered in large bone
                  | plates. (SH +4) [potion of mutation]
  3344 | D:4      | Lost mutation: You passively map a small area around you.
                  | [potion of mutation]
  3344 | D:4      | Lost mutation: Your muscles are strong. (Str +4, Int/Dex
                  | -1) [potion of mutation]
  3344 | D:4      | Gained mutation: You are dopey. (Int -2) [potion of
                  | mutation]
  3344 | D:4      | Gained mutation: You have a pair of small antennae on your
                  | head. [potion of mutation]
  3376 | D:4      | Found a runed translucent door.
  3377 | D:4      | Noticed Crazy Yiuf
  3386 | D:4      | Killed Crazy Yiuf
  3387 | D:4      | Reached skill level 5 in Armour
  3689 | D:5      | Entered Level 5 of the Dungeon
  3689 | D:5      | Noticed a black bear
  3705 | D:5      | Killed a black bear
  3809 | D:5      | Reached XP level 7. HP: 41/44 MP: 7/7
  3908 | D:6      | Reached XP level 8. HP: 52/52 MP: 8/8
  3921 | D:6      | Killed from afar by an orc priest

Illustrated notes

Levels and vault maps discovered:
D:1:      dpeg_arrival_rhombus, layout_rooms, serial_shops, shop
D:2:      layout_loops_ring, basic_altar
D:3:      layout_loops_ring, chequers_ecumenical_altar_simple_redux
D:4:      layout_gridville, portal_sewer_entry_b, uniq_crazy_yiuf_cottage
D:5:      layout_cave_pods, nicolae_overflow_hidden_temple, grunt_ministairs_11,
          uniq_duvessa
D:6:      layout_cave_pools, mainiacjoe_overflow_concentric_impassable,
          reono_crystal_passage

Skill      XL: |  1  2  3  4  5  6  7 |
---------------+----------------------+-----
Fighting       | 4 5 6 |  6.9
Armour         | 4 5 6 |  6.9
Axes           | 1 2 3 4 |  4.5
Maces & Flails | |  2.3
Dodging        | |  0.1
Shields        | |  3.5

Action                   |  1- 3 |  4- 6 |  7- 9 || total
-------------------------+-------+-------+-------++-------
Melee: Flail             |    84 |       |       ||    84
       Hand axe          |    26 |   109 |    26 ||   161
Invok: Draw Summoning    |       |     1 |     2 ||     3
  Use: Potion            |     5 |     2 |       ||     7
       Scroll            |     3 |     4 |       ||     7
Armor: Scale mail        |    50 |    42 |    21 ||   113
Dodge: Dodged            |    59 |    38 |    18 ||   115
Block: Buckler           |    29 |    32 |     7 ||    68
